 Dungeon Sprint DCSS version 0.29.1-12-g30fa7ad0bf (webtiles) character file.

Game seed: 14837398143935041157

1700000 sanboga the Conqueror (level 17, -70/191 HPs)
             Began as a Black Draconian Monk on Dec 12, 2022.
             Was the Champion of Makhleb.
             Annihilated by a destroyer
             ... wielding a +9 vorpal great sword
              (165 damage)
             ... in the Dungeon (Sprint VIII: "Arena of Blood") on Dec 13, 2022.
             The game lasted 00:01:01 (17 turns).

sanboga the Conqueror (Black Draconian Monk)          Turns: 17, Time: 00:01:02

Health: -70/191    AC:  9    Str: 14    XL:     17   Next: 11%
Magic:  16/27      EV: 32    Int: 12    God:    Makhleb [******]
Gold:   0          SH:  0    Dex: 20    Spells: 29/29 levels left

rFire   . . .      SeeInvis .   h - +∞ Axe of Woe
rCold   . . .      Faith    .   (shield currently unavailable)
rNeg    . . .      Spirit   .   (body armour unavailable)
rPois   .          Reflect  .   (helmet restricted)
rElec   +          Harm     .   (no cloak)
rCorr   .          Rampage  .   (no gloves)
Will    +....      NoTele   +   (no boots)
Stlth   ++++++++++              (no amulet)
HPRegen 0.41/turn               (no ring)
MPRegen 0.20/turn               (no ring)

@: flying
A: breathe lightning, AC +9, unfitting armour, big wings, electricity
resistance, cold-blooded
a: Breathe Lightning, Renounce Religion, Minor Destruction, Lesser Servant of
Makhleb, Major Destruction, Greater Servant of Makhleb


You were in the Dungeon.
You worshipped Makhleb.
Makhleb was exalted by your worship.
You visited 1 branch

Inventory:

Hand Weapons
 h - the +∞ Axe of Woe (weapon)
   (You found it in the Dungeon)
Scrolls
 g - a scroll of blinking
Potions
 a - a potion of ambrosia
 b - a potion of curing
 c - a potion of heal wounds
 d - a potion of haste
 e - 2 potions of magic
 f - a potion of berserk rage


   Skills:
 O Level 27 Fighting
 + Level 7.5 Axes
 O Level 27 Dodging
 O Level 27 Stealth
 O Level 27 Unarmed Combat
 + Level 6.8 Spellcasting
 + Level 8.2 Invocations


You had 29 spell levels left.
You didn't know any spells.
Your spell library was empty.

Dungeon Overview and Level Annotations

Branches:
Dungeon (1/1)

Altars:
Makhleb


Innate Abilities, Weirdness & Mutations

You can breathe wild blasts of lightning.
Your glossy black scales are hard. (AC +9)
You cannot fit into any form of body armour.
Your large and strong wings let you fly.
You are resistant to electric shocks. (rElec)
You are cold-blooded and may be slowed by cold attacks.


Message History

Makhleb accepts your kill.
You feel better.
You slash the bag of meat!
You fatally mangle the bag of meat.
You kill the bag of meat!
Makhleb accepts your kill.
You hear a shout! x8
A destroyer comes into view. It is wielding a +9 vorpal great sword.
You hear a shout!
A meat berserker comes into view. It is wielding a +9 battleaxe.
A bag of meat comes into view. It is wielding a +9 war axe.
You hear a shout! x2
A meat berserker comes into view. It is wielding a +9 battleaxe.
You hear a shout! x2
The destroyer casts a spell at you.
The destroyer blinks!
You hear a shout! x7
The meat berserker rages.
You hear a shout! x3
The destroyer moves out of view.
You have mastered Dodging!
You need to enable at least one skill for training.
Your Axes skill gained 7 levels and is now at level 7!
Your Spellcasting skill gained 6 levels and is now at level 6!
Your Invocations skill gained 8 levels and is now at level 8!
You have reached level 17!
You slash the large bag of meat!
Flame seeps out of the large bag of meat.
You chop the large bag of meat into pieces.
Makhleb accepts your kill.
The large bag of meat explodes!
The fiery explosion engulfs you!!
You are engulfed in blazing flames.
You hear a shout! x10
A meat berserker comes into view. It is wielding a +9 battleaxe.
The meat berserker hits you with a +9 battleaxe!!!
You hear a shout!
A meat berserker comes into view. It is wielding a +9 battleaxe.
You hear a shout! x2
The destroyer is engulfed in blazing flames.
The destroyer hits you with a +9 vorpal great sword!!!!!
Ouch! That really hurt!
You die...

.. .. .. .. #.
.# #.o ..#
O###.. ..###.
......###O.....
......§§.......
....#§○V).#....
. #§§@)_# .
#.)O..#
....._.§...
......###......
.###.. ..###.
#.. O.# #.o ..#
.. ..


You could see a destroyer, a large bag of meat (inner flame), 3 meat berserkers
and a bag of meat.

Vanquished Creatures
  5 ogres (D)
  A two-headed ogre (D)
  13 orcs (D)
19 creatures vanquished.

Notes
Turn   | Place    | Note
-------+----------+-------------------------------------------
     0 | D        | Found the +∞ Axe of Woe
     0 | D        | sanboga the Draconian Monk began the quest for the Orb.
     0 | D        | Reached XP level 1. HP: 19/19 MP: 1/1
     2 | D        | Became a worshipper of Makhleb the Destroyer
     2 | D        | Reached * piety under Makhleb
     2 | D        | Reached ** piety under Makhleb
     3 | D        | Noticed a meat berserker
     3 | D        | Noticed a bag of meat
     3 | D        | Noticed a bag of meat
     4 | D        | Noticed a bag of meat
     4 | D        | Noticed a bag of meat
     5 | D        | Noticed a bag of meat
     6 | D        | Noticed a bag of meat
     8 | D        | Killed a meat berserker
     8 | D        | Noticed a bag of meat
     8 | D        | Noticed a bag of meat
     9 | D        | Reached skill level 15 in Stealth
     9 | D        | Reached skill level 15 in Unarmed Combat
     9 | D        | Reached XP level 2. HP: 50/50 MP: 2/2
     9 | D        | Reached XP level 3. HP: 57/57 MP: 3/3
     9 | D        | Reached XP level 4. HP: 64/64 MP: 4/4
     9 | D        | Reached XP level 5. HP: 71/71 MP: 5/5
     9 | D        | Reached XP level 6. HP: 80/80 MP: 6/6
     9 | D        | Your scales start taking on a glossy black colour.
     9 | D        | Reached XP level 7. HP: 86/86 MP: 7/7
     9 | D        | Gained mutation: You are resistant to electric shocks.
                  | (rElec) [Black Draconian growth]
     9 | D        | Reached XP level 8. HP: 94/94 MP: 8/8
     9 | D        | Reached XP level 9. HP: 101/101 MP: 9/9
     9 | D        | Reached XP level 10. HP: 108/108 MP: 10/10
     9 | D        | Reached XP level 11. HP: 116/116 MP: 11/11
     9 | D        | Killed a bag of meat
     9 | D        | Noticed a meat berserker
     9 | D        | Noticed a bag of meat
    10 | D        | Reached skill level 15 in Dodging
    10 | D        | Reached XP level 12. HP: 105/127 MP: 12/12
    10 | D        | Killed a bag of meat
    10 | D        | Killed a bag of meat
    10 | D        | Reached *** piety under Makhleb
    10 | D        | Killed a bag of meat
    10 | D        | Noticed a meat berserker
    10 | D        | Noticed a bag of meat
    10 | D        | Noticed a bag of meat
    11 | D        | Reached XP level 13. HP: 127/141 MP: 13/13
    11 | D        | Killed a bag of meat
    11 | D        | Killed a bag of meat
    11 | D        | Reached **** piety under Makhleb
    11 | D        | Noticed a bag of meat
    11 | D        | Noticed a bag of meat
    11 | D        | Noticed a bag of meat
    12 | D        | Gained mutation: Your large and strong wings let you fly.
                  | [Black Draconian growth]
    12 | D        | Reached XP level 14. HP: 138/155 MP: 14/14
    12 | D        | Killed a meat berserker
    12 | D        | Killed a bag of meat
    12 | D        | Killed a bag of meat
    12 | D        | Killed a bag of meat
    12 | D        | Reached ***** piety under Makhleb
    12 | D        | Noticed a bag of meat
    12 | D        | Noticed a meat berserker
    12 | D        | Noticed a meat berserker
    13 | D        | Reached XP level 15. HP: 141/170 MP: 15/15
    13 | D        | Killed a meat berserker
    14 | D        | Reached XP level 16. HP: 100/182 MP: 16/16
    14 | D        | Killed a meat berserker
    15 | D        | Reached skill level 27 in Fighting
    15 | D        | Noticed a large bag of meat
    15 | D        | Killed a meat berserker
    15 | D        | Noticed a destroyer
    16 | D        | Reached skill level 27 in Stealth
    16 | D        | Reached skill level 27 in Unarmed Combat
    16 | D        | Noticed a large bag of meat
    16 | D        | Reached ****** piety under Makhleb
    16 | D        | Noticed a destroyer
    16 | D        | Noticed a meat berserker
    16 | D        | Noticed a meat berserker
    17 | D        | Reached skill level 27 in Dodging
    17 | D        | Reached XP level 17. HP: 191/191 MP: 16/27
    17 | D        | Killed a large bag of meat
    17 | D        | Noticed a meat berserker
    17 | D        | Noticed a meat berserker
    17 | D        | Annihilated by a destroyer

Illustrated notes

Levels and vault maps discovered:
D:        meatsprint

Skill      XL: |  1  2  3  4  5  6  7  8  9 10 11 12 13 14 15 16 |
---------------+-------------------------------------------------+-----
Fighting       | 16 18 20 22 25 26 27 | 27.0
Dodging        | 14 15 17 19 21 22 27 | 27.0
Stealth        | 15 16 19 20 23 24 27 | 27.0
Unarmed Combat | 15 16 19 20 23 24 27 | 27.0
Axes           | 7 |  7.5
Spellcasting   | 6 |  6.8
Invocations    | 8 |  8.2

Action                   |  1- 3 |  4- 6 |  7- 9 | 10-12 | 13-15 | 16-18 || total
-------------------------+-------+-------+-------+-------+-------+-------++-------
Melee: Executioner's axe |     1 |       |       |     2 |     3 |     4 ||    10
       Unarmed           |     1 |       |       |       |       |       ||     1
       Tailslap          |     1 |       |       |       |       |       ||     1
Dodge: Dodged            |     1 |       |       |       |     1 |     1 ||     3
